 Dungeon Crawl Stone Soup version 0.31-a0-924-ge39a22a033 (webtiles) character file.

Game seed: 2423982825098866658

30 Gladio the Cutter (level 3, -2/27 HPs)
             Began as a Vampire Gladiator on Oct 18, 2023.
             Was an Initiate of Yredelemnul.
             Slain by a hobgoblin (4 damage)
             ... led by Robin
             ... on level 2 of the Dungeon.
             The game lasted 00:02:10 (982 turns).

Gladio the Cutter (Vampire Gladiator)                Turns: 982, Time: 00:02:10

Health: -2/27      AC:  4    Str: 13    XL:     3   Next: 3%
Magic:  3/3        EV: 13    Int: 10    God:    Yredelemnul [......]
Gold:   85         SH:  0    Dex: 17    Spells: 2/2 levels left

rFire   . . .        a - +0 rapier
rCold   . . .        (no shield)
rNeg    . . .        b - +0 leather armour
rPois   .            c - +0 helmet
rElec   .            (no cloak)
rCorr   .            (no gloves)
SInv    +            (no boots)
Will    .....        (no amulet)
Stlth   +            (no ring)
HPRegen 0.44/turn    (no ring)
MPRegen 0.08/turn

%: no passive effects
@: mighty, attractive, healing quickly, hasted, very quick
A: alive, fangs 3, see invisible, vampiric 2
a: Exsanguinate, Renounce Religion, Recall Undead Harvest


You were on level 2 of the Dungeon.
You worshipped Yredelemnul.
Yredelemnul was noncommittal.
You visited 1 branch of the dungeon, and saw 2 of its levels.

You collected 85 gold pieces.

Inventory:

Hand Weapons
 a - a +0 rapier (weapon)
Missiles
 d - 3 throwing nets (quivered)
 e - a javelin
Armour
 b - a +0 leather armour (worn)
 c - a +0 helmet (worn)
Jewellery
 g - a ring of protection from cold
 n - a ring of protection from cold
Scrolls
 f - a scroll of revelation {unknown}
 h - 3 scrolls of identify {unknown}
 j - a scroll of amnesia {unknown}
 m - a scroll of enchant armour {unknown}
 o - a scroll of teleportation {unknown}
 q - a scroll of brand weapon {unknown}
Potions
 i - a potion of attraction


   Skills:
 + Level 2.1 Fighting
 * Level 3.9 Short Blades
 - Level 1.5 Throwing
 + Level 0.8 Armour
 + Level 3.5 Dodging


You had 2 spell levels left.
You didn't know any spells.
Your spell library was empty.

Dungeon Overview and Level Annotations

Branches:
Dungeon (2/15)

Altars:
Yredelemnul

Annotations:
D:2 Robin


Innate Abilities, Weirdness & Mutations

Your natural rate of healing is accelerated.
You have razor-sharp teeth.
You have supernaturally acute eyesight. (SInv)
You are afflicted with vampirism and can become a bat while bloodless.


Message History

You are too injured to fight recklessly!
You are too injured to fight recklessly!
You are too injured to fight recklessly!
You are too injured to fight recklessly!
You are too injured to fight recklessly!
You are too injured to fight recklessly!
You are too injured to fight recklessly!
You are too injured to fight recklessly!
You are too injured to fight recklessly!
You barely miss the goblin. You puncture the goblin!
You kill the goblin!
The goblin hits you with a +0 club. The goblin misses you.
The goblin hits you but does no damage. Robin hits you with a +0 club.
* * * LOW HITPOINT WARNING * * *
The goblin closely misses you. The goblin misses you. The hobgoblin misses you.
You have reached level 3!
Your experience leads to an increase in your attributes!
Increase (S)trength, (I)ntelligence, or (D)exterity?
You feel agile. x2
You can now turn into a vampire bat when bloodless.
You puncture the goblin!
You kill the goblin!
The goblin unwields a +0 dagger.
The goblin wields a +0 sling.
The goblin shoots a sling bullet.
The sling bullet closely misses you.
The sling bullet closely misses the goblin.
The hobgoblin barely misses you. The goblin closely misses you.
The goblin is attracted toward you.
Things that are here:
a +0 club; a +0 sling; a +0 dagger of holy wrath Robin says, "Duck!"
The goblin hits you but does no damage. The goblin attacks as it pursues you!
The goblin hits you with a +0 dagger.
* * * LOW HITPOINT WARNING * * *
The hobgoblin is attracted toward you. Robin is attracted toward you.
The hobgoblin is attracted toward you. The goblin is attracted toward you. x3
The hobgoblin hits you.
You die...
You join the legions of the undead harvest.

# #.
#.######
#......#
#......#
#......#
#....g.#
#...gg@#
#§.ggg.#
#.§ggg.#
#.§g...#
#.§.g..#
#......#
########


You could see Robin, 2 hobgoblins and 8 goblins.

Vanquished Creatures
  A gnoll (D:1)
  A dart slug (D:1)
  A ball python (D:1)
  An endoplasm (D:1)
  3 giant cockroaches
  3 goblins
  A hobgoblin (D:1)
  2 quokkas (D:1)
  2 bats (D:1)
  A rat (D:1)
16 creatures vanquished.

Notes
Turn   | Place    | Note
-------+----------+-------------------------------------------
     0 | D:1      | Gladio the Vampire Gladiator began the quest for the Orb.
     0 | D:1      | Reached XP level 1. HP: 16/16 MP: 1/1
   360 | D:1      | Reached XP level 2. HP: 22/22 MP: 2/2
   485 | D:1      | Found a faded altar of an unknown god.
   798 | D:1      | Prayed at the altar of an unknown god.
   798 | D:1      | Became a worshipper of Yredelemnul the Dark
   798 | D:1      | Reached * piety under Yredelemnul
   969 | D:2      | Identified the +1 helmet of the Land of Plenty {Dex+2}
   969 | D:2      | Noticed Robin
   978 | D:2      | Gained mutation: You are afflicted with vampirism and can
                  | become a bat while bloodless. [Vampire growth]
   978 | D:2      | Reached XP level 3. HP: 6/27 MP: 3/3
   980 | D:2      | HP: 1/27 [goblin/+0 dagger[Robin] (5)]
   982 | D:2      | Slain by a hobgoblin

Illustrated notes

Levels and vault maps discovered:
D:1:      lightli_arrival_isolated_outpost, layout_basic,
          hellmonk_ecumenical_altar_arch_garden, minivault_19,
          chequers_big_river, minmay_pentomino_t4
D:2:      layout_rooms, serial_shops, nicolae_shop_tiny_waterfront,
          chequers_serial_rivers_micro_d, minmay_fountain_box,
          kennysheep_cross_room, uniq_robin, uniq_terence

Skill      XL: |  1  2 |
---------------+-------+-----
Fighting       | 2 |  2.1
Short Blades   | |  3.9
Throwing       | |  1.5
Armour         | |  0.8
Dodging        | |  3.5

Action                     || total
---------------------------++-------
  Melee: Rapier            ||    54
         Bite              ||     2
    Use: Potion            ||     4
   Stab: Sleeping          ||     2
 Armour: Leather armour    ||    52
  Dodge: Dodged            ||    45

Table legend: (Time is in decaauts)
 A = Elapsed time spent in this place.
 B = Non-inter-level travel time spent in this place.
 C = Inter-level travel time spent in this place.
 D = Time resting spent in this place.
 E = Time spent auto-exploring this place.
 F = Levels seen in this place.
 G = Mean time per level.
                   A        B        C        D        E       F      G
               +--------+--------+--------+--------+--------+-----+--------+
         Total |    994 |    994 |      0 |      0 |    800 |   2 |  497.0 |
       Dungeon |    994 |    994 |      0 |      0 |    800 |   2 |  497.0 |
               +--------+--------+--------+--------+--------+-----+--------+

Top non-repeatable levels by time:
     D:1: 971 daAuts
     D:2: 23 daAuts
